 Dungeon Crawl Stone Soup version 0.31-a0-844-gdc52ec4e09 (webtiles) character file.

Game seed: 7673057431866905400

11233 sircluck the Grappler (level 11, -1/113 HPs)
             Began as a Troll Berserker on Sept 29, 2023.
             Was a High Priest of Trog.
             Slain by a komodo dragon (22 damage)
             ... on level 11 of the Dungeon.
             The game lasted 00:18:56 (8643 turns).

sircluck the Grappler (Troll Berserker)             Turns: 8643, Time: 00:18:57

Health: -1/113     AC: 18    Str: 43    XL:     11   Next: 46%
Magic:  10/10      EV: 10    Int:  3    God:    Trog [*****.]
Gold:   633        SH:  0    Dex:  9    Spells: 10/10 levels left

rFire   . .          .
                       - Unarmed
rCold   . . .        (no shield)
rNeg    + . .        m - +2 pearl dragon scales "Pebitz" {rN+ SInv}
rPois   .            (helmet restricted)
rElec   .            j - +1 cloak
rCorr   .            (gloves unavailable)
SInv    +            (boots unavailable)
Will    .....        R - amulet of faith Stlth
                     k - +6 ring of strength
HPRegen 1.18/turn    T - +6 ring of strength
MPRegen 0.12/turn

%: faith
@: no status effects
A: large, unfitting armour, claws 3, regeneration 1, shaggy fur 1, tough skin 1
a: Renounce Religion, Berserk, Trog's Hand, Brothers in Arms


You were on level 11 of the Dungeon.
You worshipped Trog.
Trog was extremely pleased with you.
You visited 1 branch of the dungeon, and saw 11 of its levels.
You also visited: Sewer and Ossuary.

You collected 1065 gold pieces.
You spent 432 gold pieces at shops.

Inventory:

Missiles
 b - 99 stones
 p - 10 poisoned darts
 x - 6 datura-tipped darts
 K - 4 darts of dispersal
 L - a curare-tipped dart
 O - 3 boomerangs
 Q - 5 large rocks (quivered)
Armour
 a - a +0 animal skin
 j - a +1 cloak (worn)
 m - the +2 pearl dragon scales "Pebitz" (worn) {rN+ SInv}
   (You acquired it on level 9 of the Dungeon)

   rN+:       It protects you from negative energy.
   SInv:      It lets you see invisible.
 I - +0 steam dragon scales
Jewellery
 k - a +6 ring of strength (left claw)
 R - an amulet of faith (around neck)
 T - a +6 ring of strength (right claw)
Wands
 l - a wand of acid (12)
 w - a wand of roots (8)
 A - a wand of digging (8)
 G - a wand of charming (25)
Scrolls
 g - 2 scrolls of enchant weapon
 i - a scroll of vulnerability
 n - 4 scrolls of enchant armour
 o - a scroll of brand weapon {unknown}
 q - a scroll of noise
 s - 2 scrolls of torment
 v - 3 scrolls of amnesia {unknown}
 y - a scroll of butterflies {unknown}
 z - 5 scrolls of teleportation
 B - 2 scrolls of fog {unknown}
 C - 2 scrolls of blinking {unknown}
 D - 3 scrolls of fear {unknown}
 E - 2 scrolls of revelation {unknown}
 J - 9 scrolls of identify
Potions
 c - 2 potions of haste
 d - a potion of cancellation
 e - 2 potions of brilliance
 f - 6 potions of curing
 h - 3 potions of enlightenment
 r - 3 potions of might
 t - a potion of lignification
 u - 2 potions of attraction
 F - 2 potions of berserk rage
 H - a potion of degeneration {unknown}
 M - a potion of magic {unknown}
 N - a potion of resistance {unknown}
 P - a potion of heal wounds {unknown}
 S - a potion of mutation {unknown}


   Skills:
 + Level 8.7 Fighting
 + Level 5.8 Armour
 + Level 8.6 Dodging
 + Level 10.3 Unarmed Combat


You had 10 spell levels left.
You didn't know any spells.
Your spell library was empty.

Dungeon Overview and Level Annotations

Branches:
Dungeon (11/15)            Temple (0/1) D:5           Sewer (visited)
Ossuary (visited)
   Lair: D:8-11         Orc: D:9-12

Altars:
Elyvilon
Hepliaklqana
Qazlal

Shops:
D:9 *   D:11 =

Annotations:
D:11 2 runed translucent doors, exclusion: door, tinfoiltophat's ghost, journeyman DjFE


Innate Abilities, Weirdness & Mutations

You are too large for most types of armour.
You have claws for hands.
Your natural rate of healing is unusually fast.
You are covered in fur. (AC +1)
You have tough skin. (AC +1)


Message History

+0 acid dragon scales; an acid dragon corpse; a komodo dragon corpse You claw the komodo dragon!
The komodo dragon is moderately wounded.
The komodo dragon bites you.
You have turned to stone.
The basilisk hisses menacingly.
The komodo dragon bites you. The komodo dragon bites you!
The basilisk bites you but does no damage.
The komodo dragon bites you! The basilisk barely misses you.
The komodo dragon bites you!!
The basilisk bites you but does no damage.
The komodo dragon bites you but does no damage.
The basilisk gazes at you. The komodo dragon bites you.
The basilisk bites you but does no damage.
The komodo dragon bites you but does no damage.
The basilisk bites you but does no damage.
The komodo dragon bites you but does no damage.
The basilisk hisses menacingly.
The basilisk bites you.
The komodo dragon bites you but does no damage.
You turn to flesh and can move again.
Unknown command.
Unknown command.
You mangle the basilisk!!
The basilisk is severely wounded.
The basilisk bites you. The komodo dragon bites you!!
* * * LOW HITPOINT WARNING * * *
You barely miss the basilisk.
The basilisk is severely wounded.
The basilisk bites you!
* * * LOW HITPOINT WARNING * * *
The komodo dragon barely misses you.
You mangle the basilisk!!
You kill the basilisk!
Trog accepts your kill.
You scratch the komodo dragon.
The komodo dragon is moderately wounded.
The komodo dragon bites you!!
You die...

.## # .... ## #
.....##.## ### ###
.......#.###.# ###..
#....l@.....##
####..##
##...†.......###....##
###.#.###.........##
###..#.##########
######### #.......#
##.###### #.
#############..#### #.
........##........#
########.##


You could see a komodo dragon.

Vanquished Creatures
  A two-headed ogre (D:11)
  Lodul (D:10)
  2 cyclopes (D:11)
  A gargoyle (D:11)
  2 kobold demonologists
  A komodo dragon (D:11)
  A troll (D:9)
  A vampire (D:11)
  3 wraiths
  A shadow (D:10)
  3 wyverns (D:11)
  11 yaks
  A basilisk (D:11)
  4 steam dragons
  An acid dragon (D:11)
  A water moccasin (D:9)
  An orc warrior (D:8)
  2 ice beasts
  3 black bears
  11 ogres
  4 centaurs
  A phantom (D:5)
  2 kobold brigands
  4 bullfrogs
  2 gnoll sergeants
  3 scorpions (D:4)
  11 wights
  4 howler monkeys
  An electric eel (D:10)
  A hound (D:5)
  2 jellies
  4 orc priests
  Crazy Yiuf (D:3)
  4 iguanas
  3 sleepcaps
  Terence (D:2)
  11 orc wizards
  10 gnolls
  A river rat (Sewer)
  13 adders
  3 shadow imps
  3 white imps (D:6)
  4 worms
  A dart slug (D:5)
  19 orcs
  8 bats
  3 endoplasms
  2 giant cockroaches (D:4)
  8 goblins
  10 hobgoblins
  11 kobolds
  4 quokkas
  7 ball pythons
  3 ball python skeletons (Ossuary)
  10 frilled lizards
  2 hobgoblin skeletons (Ossuary)
  A hobgoblin zombie (Ossuary)
  An orc skeleton (Ossuary)
  3 orc zombies (Ossuary)
  16 rats
254 creatures vanquished.

Notes
Turn   | Place    | Note
-------+----------+-------------------------------------------
     0 | D:1      | sircluck the Troll Berserker began the quest for the Orb.
     0 | D:1      | Reached XP level 1. HP: 22/22 MP: 0/0
    86 | D:1      | Identified the +2 scale mail of Purpose {rF++ Str-4}
   340 | D:1      | Found a faded altar of an unknown god.
   371 | D:1      | Reached XP level 2. HP: 29/29 MP: 1/1
   564 | D:1      | Reached XP level 3. HP: 36/36 MP: 2/2
  1113 | D:2      | Reached ** piety under Trog
  1497 | D:2      | Noticed Terence
  1504 | D:2      | Killed Terence
  1505 | D:2      | Reached XP level 4. HP: 9/45 MP: 3/3
  1797 | D:3      | Found a runed translucent door.
  1798 | D:3      | Noticed Crazy Yiuf
  2133 | D:3      | Killed Crazy Yiuf
  2134 | D:3      | Reached skill level 4 in Unarmed Combat
  2134 | D:3      | Reached XP level 5. HP: 16/53 MP: 4/4
  2197 | D:4      | Noticed an ogre
  2201 | D:4      | Killed an ogre
  2280 | D:4      | Reached XP level 6. HP: 52/62 MP: 5/5
  2282 | D:4      | Reached *** piety under Trog
  2302 | D:4      | Found a glowing drain.
  2318 | Sewer    | Entered a sewer
  2665 | D:4      | Identified the +2 pair of boots of Vuwyed {rF++}
  2670 | D:4      | Reached skill level 5 in Unarmed Combat
  2772 | D:4      | Found a stormy altar of Qazlal.
  2846 | D:4      | Reached XP level 7. HP: 56/70 MP: 6/6
  2946 | D:4      | Reached **** piety under Trog
  3220 | D:5      | Entered Level 5 of the Dungeon
  3281 | D:5      | Found a staircase to the Ecumenical Temple.
  3437 | D:5      | Reached skill level 5 in Fighting
  3437 | D:5      | Reached skill level 5 in Dodging
  3437 | D:5      | Reached skill level 6 in Unarmed Combat
  3442 | D:5      | Reached XP level 8. HP: 72/80 MP: 7/7
  3559 | D:5      | Found a sand-covered staircase.
  3568 | Ossuary  | Entered an ossuary
  3646 | Ossuary  | Noticed a flying skull
  3768 | Ossuary  | Noticed a flying skull
  3789 | Ossuary  | Noticed a flying skull
  3904 | Ossuary  | Reached skill level 7 in Unarmed Combat
  4643 | D:6      | Identified a scroll of acquirement
  5103 | D:6      | Reached XP level 9. HP: 89/89 MP: 8/8
  5303 | D:8      | Reached ***** piety under Trog
  5341 | D:8      | Reached skill level 1 in Armour
  5520 | D:8      | Reached skill level 8 in Unarmed Combat
  6642 | D:9      | Found Oril's Serpentskin Sales.
  6696 | D:9      | Noticed a troll
  6706 | D:9      | Killed a troll
  6707 | D:9      | Reached XP level 10. HP: 83/102 MP: 9/9
  6716 | D:9      | Received a gift from Trog
  7164 | D:9      | Acquired the +2 pearl dragon scales "Pebitz" {rN+ SInv}
  7200 | D:10     | Entered Level 10 of the Dungeon
  7232 | D:10     | Reached skill level 9 in Unarmed Combat
  7355 | D:10     | Noticed Lodul
  7365 | D:10     | Killed Lodul
  7554 | D:10     | Found a white marble altar of Elyvilon.
  7580 | D:10     | Found a hazy altar of Hepliaklqana.
  7968 | D:11     | Noticed a cyclops
  7985 | D:11     | Killed a cyclops
  7986 | D:11     | Reached skill level 5 in Armour
  7986 | D:11     | Reached XP level 11. HP: 111/111 MP: 10/10
  8033 | D:11     | Found a runed translucent door.
  8034 | D:11     | Noticed a deep elf pyromancer
  8034 | D:11     | Noticed a stone giant
  8034 | D:11     | Noticed a fire dragon
  8034 | D:11     | Noticed a lich
  8035 | D:11     | Noticed tinfoiltophat's ghost (journeyman DjFE)
  8036 | D:11     | Found a runed translucent door.
  8037 | D:11     | Noticed a skeletal warrior
  8041 | D:11     | Noticed a necromancer
  8093 | D:11     | Noticed a two-headed ogre
  8103 | D:11     | Killed a two-headed ogre
  8224 | D:11     | Found Tah Jale's Jewellery Shop.
  8229 | D:11     | Bought a +6 ring of strength for 432 gold pieces
  8290 | D:11     | Noticed a sun demon
  8298 | D:11     | Reached skill level 10 in Unarmed Combat
  8643 | D:11     | Slain by a komodo dragon

Illustrated notes

Levels and vault maps discovered:
D:1:      evilmike_arrival_plus, layout_basic,
          shapermc_ecumenical_altar_mp_highgroup, skrybe_limestone_x,
          nrook_loot_triangle, minmay_hexomino_u4
D:2:      layout_loops_ring, uniq_terence
D:3:      layout_basic, grunt_decor_fettered, uniq_crazy_yiuf_cottage
D:4:      layout_loops_ring, mainiacjoe_overflow_six_doors_small,
          portal_sewer_entry_f
D:5:      layout_rooms, minmay_temple_entry_steel_oval,
          chequers_ossuary_entry_cave
D:6:      layout_gridville, kennysheep_small_square
D:7:      layout_basic
D:8:      layout_loops_ring
D:9:      layout_rooms, serial_corexii_hall, corexii_hall_statues_t,
          corexii_hall_statues_i, guppyfry_shop_venom
D:10:     layout_long_grid, mainiacjoe_overflow_catch_the_wave, abandoned_shop,
          uniq_lodul
D:11:     layout_roguey, erik_lair_dragon, serial_shops,
          nicolae_shop_tiny_real_fake_doors, muffindrake_ghost_dual_entry

Skill      XL: |  1  2  3  4  5  6  7  8  9 10 11 |
---------------+----------------------------------+-----
Fighting       | 3 4 5 6 7 8 |  8.7
Dodging        | 3 4 5 6 7 8 |  8.6
Unarmed Combat | 4 5 6 7 8 9 10 | 10.3
Armour         | 3 5 |  5.8

Action                     |  1- 3 |  4- 6 |  7- 9 | 10-12 || total
---------------------------+-------+-------+-------+-------++-------
  Melee: Unarmed           |    85 |   147 |   241 |   198 ||   671
         Punch             |       |     3 |     9 |    13 ||    25
  Throw: Boomerang         |       |       |     3 |       ||     3
         Dart              |       |       |     1 |       ||     1
         Large rock        |       |       |       |     2 ||     2
    Use: Scroll            |       |       |    16 |     1 ||    17
   Stab: Sleeping          |     1 |     2 |       |       ||     3
 Armour: Animal skin       |    63 |    77 |    93 |       ||   233
         Steam dragon scal |       |       |    93 |    38 ||   131
         Pearl dragon scal |       |       |       |   147 ||   147
  Dodge: Dodged            |    43 |    55 |   101 |   113 ||   312

Table legend: (Time is in decaauts)
 A = Elapsed time spent in this place.
 B = Non-inter-level travel time spent in this place.
 C = Inter-level travel time spent in this place.
 D = Time resting spent in this place.
 E = Time spent auto-exploring this place.
 F = Levels seen in this place.
 G = Mean time per level.
                   A        B        C        D        E       F      G
               +--------+--------+--------+--------+--------+-----+--------+
         Total |   8593 |   8167 |    426 |    523 |   5310 |  13 |  661.0 |
       Dungeon |   7785 |   7359 |    426 |    439 |   5176 |  11 |  707.7 |
         Sewer |    320 |    320 |      0 |      0 |    134 |   1 |  320.0 |
       Ossuary |    487 |    487 |      0 |     84 |      0 |   1 |  487.0 |
               +--------+--------+--------+--------+--------+-----+--------+

Top non-repeatable levels by time:
     D:6: 1047 daAuts
     D:1: 1020 daAuts
    D:10: 733 daAuts
     D:8: 731 daAuts
     D:4: 692 daAuts
    D:11: 682 daAuts
     D:7: 643 daAuts
     D:2: 614 daAuts
     D:9: 586 daAuts
     D:3: 538 daAuts
     D:5: 495 daAuts
 Ossuary: 487 daAuts
   Sewer: 320 daAuts
